AA NE
ERIE SEAWOLVES @ HARRISBURG SENATORS
08/01/2041
 
TOP OF THE 1ST
Erie SeaWolves batting - Pitching for Harrisburg Senators : RHP Coy Benson
Pitching: RHP Coy Benson
Batting: SHB Luis Alemán 0-0: Foul Ball, location: 7LSF
0-1: Ball
1-1: Fly out, F7 (Flyball, 7D, EV 96.3 MPH)
Batting: SHB António González 0-0: Ball
1-0: Swinging Strike
1-1: Ball
2-1: Called Strike
2-2: DOUBLE (Line Drive, 9LS, EV 105.6 MPH)
Batting: LHB António García 0-0: Foul Ball, location: 25F
0-1: Ball
1-1: Ball
2-1: Ball
3-1: Fly out, F3 (Popup, 3SF, EV 87.5 MPH)
Batting: LHB Kevin Richter 0-0: Swinging Strike
0-1: Ball
1-1: Ball
2-1: Foul Ball, location: 3FF
2-2: Ball
3-2: Base on Balls
Batting: SHB Billy Davis 0-0: Ball
1-0: Fielders Choice at 2nd, 6-4 (Groundball, 6, EV 87.5 MPH)
Top of the 1st over - 0 runs, 1 hit, 0 errors, 2 left on base; Erie 0 - Harrisburg 0
BOTTOM OF THE 1ST
Harrisburg Senators batting - Pitching for Erie SeaWolves : RHP Juan Jose Cedeño
Pitching: RHP Juan Jose Cedeño
Batting: RHB Jeff Lee 0-0: Ball
1-0: Ball
2-0: Foul Ball, location: 7LSF
2-1: Foul Ball, location: 2F
2-2: Ground out 4-3 (Groundball, 34, EV 91.3 MPH)
Batting: RHB Jake Johnson 0-0: Swinging Strike
0-1: Ball
1-1: Foul Ball, location: 5F
1-2: Strikes out swinging
Batting: RHB Esteban Gonzáles 0-0: Called Strike
0-1: Foul Ball, location: 7LSFF
0-2: Ball
1-2: Ball
2-2: Ball
3-2: SINGLE (Groundball, 4S, EV 63.8 MPH) (infield hit)
Batting: LHB Josh Battle 0-0: Ball
1-0: 2-RUN HOME RUN (Flyball, 9D, EV 96.3 MPH), Distance : 349 ft
Batting: RHB Jeremy Brennan 0-0: Ball
1-0: Called Strike
1-1: Ball
2-1: Called Strike
2-2: Strikes out swinging
Bottom of the 1st over - 2 runs, 2 hits, 0 errors, 0 left on base; Erie 0 - Harrisburg 2
TOP OF THE 2ND
Erie SeaWolves batting - Pitching for Harrisburg Senators : RHP Coy Benson
Batting: RHB Kevin Brown 0-0: Reached via error on a dropped throw from 1B, E1 (Groundball, 13, EV 91.3 MPH)
Batting: SHB Cristián Medina 0-0: Ball
1-0: Ball
2-0: Sac Bunt to 13 - play at first, batter OUT! 1-3
Kevin Brown to second
Batting: RHB Rocky Brown 0-0: Called Strike
Kevin Brown is caught stealing 3rd base 2-5
0-1: Ball
1-1: Ball
2-1: Called Strike
2-2: Foul Ball, location: 25F
2-2: Ball
3-2: Base on Balls
Batting: RHB Jorge Sánchez 0-0: Ball
1-0: Called Strike
1-1: Ball
Rocky Brown steals 2nd base
2-1: Foul Ball, location: 2F
2-2: Foul Ball, location: 2F
2-2: Ball
3-2: Foul Ball, location: 25F
3-2: Base on Balls
Batting: SHB Luis Alemán 0-0: Ball
1-0: Called Strike
1-1: Ball
2-1: Swinging Strike
2-2: Foul Ball, location: 2F
2-2: Ground out U3 (Groundball, 34, EV 107.5 MPH)
Top of the 2nd over - 0 runs, 0 hits, 1 error, 2 left on base; Erie 0 - Harrisburg 2
BOTTOM OF THE 2ND
Harrisburg Senators batting - Pitching for Erie SeaWolves : RHP Juan Jose Cedeño
Batting: LHB Bob Sizemore 0-0: SOLO HOME RUN (Flyball, 7D, EV 96.9 MPH), Distance : 368 ft
Batting: RHB Stan Boone 0-0: Swinging Strike
0-1: Swinging Strike
0-2: Strikes out swinging
Batting: RHB Enrico Rodríguez 0-0: Ball
1-0: Ball
2-0: Ball
3-0: Base on Balls
Batting: RHB River Merritt 0-0: Ball
1-0: Ball
2-0: Grounds into double play, 6-4-3 (Groundball, 6M, EV 104.4 MPH)
Bottom of the 2nd over - 1 run, 1 hit, 0 errors, 0 left on base; Erie 0 - Harrisburg 3
TOP OF THE 3RD
Erie SeaWolves batting - Pitching for Harrisburg Senators : RHP Coy Benson
Batting: SHB António González 0-0: Called Strike
0-1: Foul Ball, location: 7LMF
0-2: Ground out 5-3 (Groundball, 56, EV 88.8 MPH)
Batting: LHB António García 0-0: Ball
1-0: Foul Ball, location: 7LDF
1-1: SOLO HOME RUN (Flyball, 9D, EV 95.6 MPH), Distance : 366 ft
Batting: LHB Kevin Richter 0-0: Fly out, F5 (Popup, 56, EV 77.5 MPH)
Batting: SHB Billy Davis 0-0: Ball
1-0: Swinging Strike
1-1: Ball
2-1: Ball
3-1: Base on Balls
Batting: RHB Kevin Brown 0-0: Fielders Choice at 2nd, 5-4 (Groundball, 56, EV 93.8 MPH)
Top of the 3rd over - 1 run, 1 hit, 0 errors, 1 left on base; Erie 1 - Harrisburg 3
BOTTOM OF THE 3RD
Harrisburg Senators batting - Pitching for Erie SeaWolves : RHP Juan Jose Cedeño
Batting: RHB Jeff Lee 0-0: Ball
1-0: Foul Ball, location: 2F
1-1: Swinging Strike
1-2: Foul Ball, location: 3SF
1-2: DOUBLE (Flyball, 8LXD, EV 110.0 MPH)
Batting: RHB Jake Johnson 0-0: Fly out, F5 (Line Drive, 5, EV 72.5 MPH)
Batting: RHB Esteban Gonzáles 0-0: Ground out 6-3 (Groundball, 6, EV 85.6 MPH)
Batting: LHB Josh Battle 0-0: Ground out U3 (Groundball, 3L, EV 86.3 MPH)
Bottom of the 3rd over - 0 runs, 1 hit, 0 errors, 1 left on base; Erie 1 - Harrisburg 3
TOP OF THE 4TH
Erie SeaWolves batting - Pitching for Harrisburg Senators : RHP Coy Benson
Batting: SHB Cristián Medina 0-0: Called Strike
0-1: Ground out 4-3 (Groundball, 4, EV 85.6 MPH)
Batting: RHB Rocky Brown 0-0: Ball
1-0: SINGLE (Line Drive, 89S, EV 90.6 MPH)
Batting: RHB Jorge Sánchez 0-0: DOUBLE (Line Drive, 9LM, EV 105.0 MPH)
Rocky Brown to third
Runner from 3rd tries for Home, SAFE, throw by RF to home
Batting: SHB Luis Alemán 0-0: Foul Ball, location: 5SF
0-1: Foul Ball, location: 2F
0-2: Ball
1-2: Ball
2-2: Ball
3-2: Foul Ball, location: 25FF
3-2: Foul Ball, location: 9LSF
3-2: Ground out 6-3 (Groundball, 56, EV 103.8 MPH)
Batting: SHB António González 0-0: Called Strike
0-1: SINGLE (Groundball, 3S, EV 72.5 MPH) (infield hit)
Jorge Sánchez to third
Batting: LHB António García 0-0: Ball
1-0: Swinging Strike
1-1: SINGLE (Line Drive, 89M, EV 92.5 MPH)
Jorge Sánchez scores
António González to second
Throwing error, E8
António González scores
António García to second
Batting: LHB Kevin Richter 0-0: Called Strike
0-1: Ball
1-1: Ball
2-1: Ball
3-1: Base on Balls
Batting: SHB Billy Davis 0-0: Foul Ball, location: 23F
0-1: Fly out, F7 (Flyball, 7D, EV 96.3 MPH)
Top of the 4th over - 3 runs, 4 hits, 1 error, 2 left on base; Erie 4 - Harrisburg 3
BOTTOM OF THE 4TH
Harrisburg Senators batting - Pitching for Erie SeaWolves : RHP Juan Jose Cedeño
Batting: RHB Jeremy Brennan 0-0: SINGLE (Line Drive, 78S, EV 100.6 MPH)
Batting: LHB Bob Sizemore 0-0: Ball
1-0: Called Strike
1-1: Foul Ball, location: 5F
1-2: Foul Ball, location: 25F
1-2: Ball
2-2: Foul Ball, location: 2F
2-2: DOUBLE (Flyball, 8RXD, EV 98.1 MPH)
Jeremy Brennan to third
Batting: RHB Stan Boone 0-0: Called Strike
0-1: Ball
1-1: Foul Ball, location: 9LMF
1-2: Strikes out swinging
Batting: RHB Enrico Rodríguez 0-0: Swinging Strike
0-1: Ball
1-1: Called Strike
1-2: Strikes out swinging
Batting: RHB River Merritt 0-0: Swinging Strike
0-1: SINGLE (Groundball, 6MD, EV 101.3 MPH)
Jeremy Brennan scores
Bob Sizemore to third
Runner from 3rd tries for Home, SAFE, throw by CF to home
River Merritt to second
Batting: RHB Jeff Lee 0-0: Called Strike
0-1: Ball
1-1: Foul Ball, location: 2F
1-2: SINGLE (Groundball, 56, EV 104.4 MPH)
River Merritt to third
Runner from 3rd tries for Home, SAFE, throw by LF to home
Pitching: LHP Kevin Wheeler
Batting: RHB Jake Johnson 0-0: Foul Ball, location: 7LMF
0-1: Called Strike
Jeff Lee steals 2nd base
0-2: Strikes out swinging
Bottom of the 4th over - 3 runs, 4 hits, 0 errors, 1 left on base; Erie 4 - Harrisburg 6
TOP OF THE 5TH
Erie SeaWolves batting - Pitching for Harrisburg Senators : RHP Coy Benson
Batting: RHB Kevin Brown 0-0: Called Strike
0-1: Ball
1-1: Called Strike
1-2: Fly out, F4 (Line Drive, 4, EV 66.9 MPH)
Batting: SHB Cristián Medina 0-0: Called Strike
0-1: Ball
1-1: Ball
2-1: Swinging Strike
2-2: Foul Ball, location: 7LDF
2-2: Strikes out swinging
Batting: RHB Rocky Brown 0-0: Called Strike
0-1: Ball
1-1: Ground out 6-3 (Groundball, 6M, EV 103.1 MPH)
Top of the 5th over - 0 runs, 0 hits, 0 errors, 0 left on base; Erie 4 - Harrisburg 6
BOTTOM OF THE 5TH
Harrisburg Senators batting - Pitching for Erie SeaWolves : LHP Kevin Wheeler
Batting: RHB Esteban Gonzáles 0-0: Ball
1-0: Called Strike
1-1: Ball
2-1: Called Strike
2-2: Foul Ball, location: 23F
2-2: Foul Ball, location: 2F
2-2: Fly out, F7 (Line Drive, 7S, EV 85.0 MPH)
Batting: LHB Josh Battle 0-0: Foul Ball, location: 7LSF
0-1: Ball
1-1: Ball
2-1: Fly out, F3 (Popup, 3SF, EV 85.6 MPH)
Batting: RHB Jeremy Brennan 0-0: Called Strike
0-1: Called Strike
0-2: Fly out, F8 (Flyball, 8RS, EV 96.3 MPH)
Bottom of the 5th over - 0 runs, 0 hits, 0 errors, 0 left on base; Erie 4 - Harrisburg 6
TOP OF THE 6TH
Erie SeaWolves batting - Pitching for Harrisburg Senators : RHP Coy Benson
Pitching: RHP Phil Morris
Batting: RHB Jorge Sánchez 0-0: Ball
1-0: Called Strike
1-1: Foul Ball, location: 2F
1-2: Ball
2-2: Foul Ball, location: 9LMF
2-2: Foul Ball, location: 2F
2-2: Ball
3-2: Base on Balls
Batting: SHB Luis Alemán 0-0: Ball
1-0: Foul Ball, location: 7LSF
1-1: Ball
2-1: Ball
3-1: Foul Ball, location: 3DF
3-2: Base on Balls
Jorge Sánchez to second
Batting: SHB António González 0-0: Fly out, F6 (Popup, 6M, EV 55.0 MPH)
Batting: LHB António García 0-0: Called Strike
0-1: Swinging Strike
0-2: Ball
1-2: Ball
2-2: Ball
3-2: Base on Balls
Jorge Sánchez to third
Luis Alemán to second
Batting: LHB Kevin Richter 0-0: Ball
1-0: Called Strike
1-1: Ball
2-1: Ball
3-1: Called Strike
3-2: GRAND SLAM HOME RUN (Flyball, 9D, EV 96.9 MPH), Distance : 365 ft
Pitching: LHP Dave Smith
Batting: SHB Billy Davis 0-0: Ball
1-0: Ball
2-0: Foul Ball, location: 3DF
2-1: Foul Ball, location: 25FF
2-2: Ball
3-2: Base on Balls
Batting: RHB Kevin Brown 0-0: Called Strike
0-1: Called Strike
0-2: DOUBLE (Flyball, 8RD, EV 111.9 MPH)
Billy Davis to third
Batting: SHB Cristián Medina 0-0: Called Strike
0-1: Called Strike
0-2: Ball
1-2: Foul Ball, location: 5F
1-2: Ball
2-2: Strikes out swinging
Batting: RHB Rocky Brown 0-0: Called Strike
0-1: Fly out, F8 (Flyball, 78D, EV 91.9 MPH)
Top of the 6th over - 4 runs, 2 hits, 0 errors, 2 left on base; Erie 8 - Harrisburg 6
BOTTOM OF THE 6TH
Harrisburg Senators batting - Pitching for Erie SeaWolves : LHP Kevin Wheeler
Batting: LHB Bob Sizemore 0-0: SINGLE (Groundball, 4MS, EV 60.6 MPH) (infield hit)
Batting: RHB Stan Boone 0-0: Ball
1-0: Foul Ball, location: 9LMFF
1-1: Ball
2-1: Foul Ball, location: 3DF
2-2: Foul Ball, location: 3SF
2-2: Grounds into double play, 6-4-3 (Groundball, 6, EV 100.6 MPH)
Batting: RHB Enrico Rodríguez 0-0: Fly out, F7 (Line Drive, 7S, EV 91.3 MPH)
Bottom of the 6th over - 0 runs, 1 hit, 0 errors, 0 left on base; Erie 8 - Harrisburg 6
TOP OF THE 7TH
Erie SeaWolves batting - Pitching for Harrisburg Senators : LHP Dave Smith
Batting: RHB Jorge Sánchez 0-0: Ball
1-0: Swinging Strike
1-1: Called Strike
1-2: Ground out 6-3 (Groundball, 6, EV 102.5 MPH)
Batting: SHB Luis Alemán 0-0: Called Strike
0-1: Ball
1-1: Ball
2-1: Ground out U3 (Groundball, 3S, EV 78.1 MPH)
Batting: SHB António González 0-0: Ground out 6-3 (Groundball, 6M, EV 101.3 MPH)
Top of the 7th over - 0 runs, 0 hits, 0 errors, 0 left on base; Erie 8 - Harrisburg 6
BOTTOM OF THE 7TH
Harrisburg Senators batting - Pitching for Erie SeaWolves : LHP Kevin Wheeler
Batting: RHB River Merritt 0-0: Ball
1-0: Called Strike
1-1: Ball
2-1: Foul Ball, location: 7LSF
2-2: Strikes out looking
Batting: RHB Jeff Lee 0-0: Ball
1-0: Called Strike
1-1: Ball
2-1: Ball
3-1: Base on Balls
Batting: RHB Jake Johnson 0-0: Ball
Pickoff Throw to First - Out! 1-3
1-0: Called Strike
1-1: Ball
2-1: Foul Ball, location: 2LF
2-2: Ground out U3 (Groundball, 3L, EV 79.4 MPH)
Bottom of the 7th over - 0 runs, 0 hits, 0 errors, 0 left on base; Erie 8 - Harrisburg 6
TOP OF THE 8TH
Erie SeaWolves batting - Pitching for Harrisburg Senators : LHP Dave Smith
Batting: LHB António García 0-0: Swinging Strike
0-1: Foul Ball, location: 2F
0-2: SOLO HOME RUN (Flyball, 9D, EV 95.6 MPH), Distance : 369 ft
Batting: LHB Kevin Richter 0-0: Called Strike
0-1: Called Strike
0-2: Ball
1-2: Fly out, F6 (Popup, 6, EV 73.8 MPH)
Batting: SHB Billy Davis 0-0: Swinging Strike
0-1: Ball
1-1: Ball
2-1: Fly out, F7 (Flyball, 7, EV 95.6 MPH)
Batting: RHB Kevin Brown 0-0: Ball
1-0: Ground out 5-3 (Groundball, 56, EV 82.5 MPH)
Top of the 8th over - 1 run, 1 hit, 0 errors, 0 left on base; Erie 9 - Harrisburg 6
BOTTOM OF THE 8TH
Harrisburg Senators batting - Pitching for Erie SeaWolves : LHP Kevin Wheeler
Batting: RHB Esteban Gonzáles 0-0: Ball
1-0: Ball
2-0: Swinging Strike
2-1: Foul Ball, location: 3FF
2-2: Strikes out swinging
Pinch Hitting: RHB Robinson Pérez 0-0: Called Strike
0-1: Ball
1-1: Ball
2-1: Ground out 6-3 (Groundball, 56D, EV 103.8 MPH)
Batting: RHB Jeremy Brennan 0-0: Fly out, F9 (Flyball, 89M, EV 98.8 MPH)
Bottom of the 8th over - 0 runs, 0 hits, 0 errors, 0 left on base; Erie 9 - Harrisburg 6
TOP OF THE 9TH
Erie SeaWolves batting - Pitching for Harrisburg Senators : LHP Dave Smith
Now in LF: Doug Davis
Batting: SHB Cristián Medina 0-0: Ball
1-0: Ball
2-0: Ball
3-0: Called Strike
3-1: Base on Balls
Pitching: RHP Max Hoffman
Batting: RHB Rocky Brown 0-0: Called Strike
0-1: Ball
1-1: Grounds into double play, 6-4-3 (Groundball, 6, EV 100.0 MPH)
Batting: RHB Jorge Sánchez 0-0: Ball
1-0: Ball
2-0: Ball
3-0: Base on Balls
Batting: SHB Luis Alemán 0-0: Ground out 4-3 (Groundball, 34, EV 90.6 MPH)
Top of the 9th over - 0 runs, 0 hits, 0 errors, 1 left on base; Erie 9 - Harrisburg 6
BOTTOM OF THE 9TH
Harrisburg Senators batting - Pitching for Erie SeaWolves : LHP Kevin Wheeler
Pitching: RHP Lynwood Stroud
Batting: LHB Bob Sizemore 0-0: Called Strike
0-1: Ball
1-1: Swinging Strike
1-2: Strikes out swinging
Pinch Hitting: LHB José Esparza 0-0: Ball
1-0: Ball
2-0: Called Strike
2-1: Called Strike
2-2: Ball
3-2: Strikes out swinging
Batting: RHB Enrico Rodríguez 0-0: SINGLE (Groundball, 6M, EV 103.1 MPH) (infield hit)
Batting: RHB River Merritt 0-0: Foul Ball, location: 3F
0-1: Swinging Strike
0-2: Ball
1-2: DOUBLE (Flyball, 7LD, EV 89.4 MPH)
Enrico Rodríguez to third
Batting: RHB Jeff Lee 0-0: Ball
1-0: Ball
2-0: Called Strike
2-1: Ball
3-1: Foul Ball, location: 7LMF
3-2: Strikes out swinging
Bottom of the 9th over - 0 runs, 2 hits, 0 errors, 2 left on base; Erie 9 - Harrisburg 6
Monday, April 1st , 2024 - OOTP Baseball 24.10 Build 82